 Dungeon Crawl Stone Soup version 0.31-a0-881-ge136f0c47a (webtiles) character file.

Game seed: 8131111753686816329

819 pokeman the Thaumaturge (level 7, -21/40 HPs)
             Began as a Deep Elf Hedge Wizard on Oct 16, 2023.
             Demolished by an ogre
             ... wielding a +0 giant club
              (37 damage)
             ... on level 5 of the Dungeon.
             The game lasted 00:09:12 (5118 turns).

pokeman the Thaumaturge (Deep Elf Hedge Wizard)     Turns: 5118, Time: 00:09:13

Health: -21/40     AC:  2    Str:  7    XL:     7   Next: 63%
Magic:  18/21      EV: 13    Int: 21    God:
Gold:   253        SH:  0    Dex: 14    Spells: 15/23 levels left

rFire   . . .        l - +2 flail (heavy)
rCold   . . .        (no shield)
rNeg    . . .        b - +0 robe
rPois   .            c - +0 hat
rElec   .            (no cloak)
rCorr   .            (no gloves)
SInv    .            (no boots)
Will    .....        (no amulet)
Stlth   ++           (no ring)
HPRegen 0.26/turn    (no ring)
MPRegen 0.17/turn

%: no passive effects
@: no status effects
A: no striking features
a: no special abilities


You were on level 5 of the Dungeon.
You visited 1 branch of the dungeon, and saw 5 of its levels.

You collected 253 gold pieces.

Inventory:

Hand Weapons
 l - a +2 heavy flail (weapon)
Armour
 b - a +0 robe (worn)
 c - a +0 hat (worn)
Scrolls
 e - a scroll of teleportation {unknown}
 f - a scroll of vulnerability {unknown}
 h - a scroll of fog {unknown}
 i - 5 scrolls of identify {unknown}
 k - 2 scrolls of amnesia {unknown}
 n - a scroll of silence {unknown}
 q - a scroll of enchant weapon {unknown}
 r - a scroll of noise {unknown}
 s - a scroll of blinking {unknown}
 t - a scroll of revelation {unknown}
Potions
 a - a potion of mutation {unknown}
 d - a potion of magic
 g - a potion of curing {unknown}
 j - a potion of heal wounds {unknown}
 m - a potion of attraction {unknown}
 o - a potion of haste {unknown}
 p - a potion of enlightenment {unknown}


   Skills:
 - Level 2.1 Fighting
 + Level 1.6 Armour
 - Level 3.0 Dodging
 - Level 3.1 Stealth
 * Level 8.8 Spellcasting
 + Level 4.4 Conjurations
 - Level 1.1 Summonings
 - Level 1.1 Translocations
 - Level 1.1 Air Magic
 - Level 1.1 Poison Magic


You had 15 spell levels left.
You knew the following spells:

 Your Spells              Type           Power      Damage    Failure   Level
a - Magic Dart            Conj           100%       1d8       1%          1
b - Mephitic Cloud        Conj/Pois/Air  18%        N/A       9%          3
c - Call Imp              Summ           26%        N/A       7%          2
d - Blink                 Tloc           26%        N/A       7%          2

Your spell library contained the following spells:

 Spells                   Type           Power      Damage    Failure   Level
 Slow                     Hex            36%        N/A       8%          1
 Cigotuvi's Dreadful Rot  Necr/Pois/Air  24%        N/A       9%          2


Dungeon Overview and Level Annotations

Branches:
Dungeon (5/15)
 Temple: D:4-7

Altars:
Ashenzari
Cheibriados
Makhleb
Nemelex Xobeh
Sif Muna


Message History

Press: ? - help, Shift-Dir - straight line, f/p - jelly
Aim: a jelly (almost dead, 100% to hit)
The magic dart hits the jelly.
You kill the jelly!
Casting: Magic Dart (safe; 1% risk of failure)
Confirm with . or Enter, or press ? or * to list all spells.
You can't see any susceptible monsters within range! (Use Z to cast anyway.) Unknown command.
An ogre comes into view. It is wielding a +0 giant club.
Casting: Magic Dart (safe; 1% risk of failure)
Confirm with . or Enter, or press ? or * to list all spells.
Aiming: Magic Dart (safe; 1% risk of failure)
Press: ? - help, Shift-Dir - straight line, f - ogre
Aim: an ogre, wielding a +0 giant club (asleep, 100% to hit)
The magic dart hits the ogre.
The ogre is lightly wounded.
Casting: Magic Dart (safe; 1% risk of failure)
Confirm with . or Enter, or press ? or * to list all spells.
Aiming: Mephitic Cloud (dangerous; 9% risk of failure)
Press: ? - help, Shift-Dir - straight line, f/p - ogre
Aim: an ogre, wielding a +0 giant club (lightly wounded, chance to affect: 77%)
The ball explodes into a vile cloud!
The stinking cloud engulfs the ogre but does no damage.
The ogre is lightly wounded.
You hear an angry hiss.
The ogre is engulfed in noxious fumes.
The ogre appears confused.
Unknown command.
The ogre is engulfed in noxious fumes.
The ogre hits you with a +0 giant club!!
Ouch! That really hurt!
You catch the helpless ogre completely off-guard!
You sock the ogre!
The ogre is severely wounded.
You hit the ogre.
The ogre is almost dead.
The ogre seems less confused.
The ogre misses you.
An adder comes into view.
The ogre hits you with a +0 giant club!!!
Ouch! That really hurt!
You die...

##..#.......##
##....#.....#
#....##....##
##..####....#
#.## ######
#.## #..# #..#
#O@# #.°...#
#..°...#
#......#
##..?..#
#....## ##..#S
##...


You could see an ogre and an adder (wandering).

Vanquished Creatures
  A sky beast (D:4)
  A centaur (D:5)
  An ogre (D:4)
  2 scorpions
  A jelly (D:5)
  A hound (D:4)
  2 iguanas
  A sleepcap (D:5)
  Terence (D:2)
  Natasha (thrice) (D:3)
  2 orc wizards (D:3)
  3 gnolls (D:2)
  5 adders
  3 worms
  3 dart slugs
  4 orcs (D:3)
  4 ball pythons
  6 bats
  4 endoplasms
  5 giant cockroaches
  6 goblins
  3 hobgoblins
  7 jackals
  A quokka (D:1)
  2 frilled lizards
  5 kobolds
  5 rats
82 creatures vanquished.

Notes
Turn   | Place    | Note
-------+----------+-------------------------------------------
     0 | D:1      | pokeman the Deep Elf Hedge Wizard began the quest for the
                  | Orb.
     0 | D:1      | Reached XP level 1. HP: 10/10 MP: 7/7
   201 | D:1      | Reached XP level 2. HP: 15/15 MP: 5/9
   710 | D:1      | Reached skill level 5 in Spellcasting
  1211 | D:2      | Reached XP level 3. HP: 20/20 MP: 9/11
  1215 | D:2      | Learned a level 3 spell: Mephitic Cloud
  1218 | D:2      | Learned a level 2 spell: Call Imp
  1221 | D:2      | Learned a level 2 spell: Blink
  1358 | D:2      | Reached skill level 1 in Fighting
  1465 | D:2      | Reached skill level 1 in Armour
  1579 | D:2      | Reached XP level 4. HP: 25/25 MP: 2/13
  1865 | D:2      | Noticed Terence
  2049 | D:2      | Killed Terence
  2201 | D:3      | Noticed Natasha
  2205 | D:3      | Killed Natasha
  2206 | D:3      | Reached skill level 6 in Spellcasting
  2206 | D:3      | Reached XP level 5. HP: 27/29 MP: 10/15
  3016 | D:3      | Noticed Natasha
  3021 | D:3      | Killed Natasha
  3022 | D:3      | Reached skill level 1 in Air Magic
  3022 | D:3      | Reached skill level 1 in Poison Magic
  3220 | D:3      | Found a faded altar of an unknown god.
  3371 | D:3      | Found a snail-covered altar of Cheibriados.
  3373 | D:3      | Found a broken altar of Ashenzari.
  3373 | D:3      | Found a sparkling altar of Nemelex Xobeh.
  3378 | D:3      | Found a shimmering blue altar of Sif Muna.
  3381 | D:3      | Reached XP level 6. HP: 34/34 MP: 13/17
  3382 | D:3      | Found a burning altar of Makhleb.
  3700 | D:3      | Noticed Natasha
  3711 | D:3      | Killed Natasha
  3722 | D:4      | Reached skill level 7 in Spellcasting
  4187 | D:4      | Noticed a sky beast
  4209 | D:4      | Reached XP level 7. HP: 27/39 MP: 10/20
  4217 | D:4      | Reached skill level 8 in Spellcasting
  4784 | D:5      | Entered Level 5 of the Dungeon
  4889 | D:5      | HP: 1/40 [poisoned by a scorpion]
  5118 | D:5      | Demolished by an ogre

Illustrated notes

Levels and vault maps discovered:
D:1:      wander_arrival_chamber, layout_basic
D:2:      layout_loops_ring, uniq_terence
D:3:      layout_loops_ring, minitemple,
          shapermc_ecumenical_altar_mp_ritualfount, minmay_misc_feat_tower,
          nicolae_houndstooth_variations, uniq_natasha
D:4:      layout_cave_pods, nrook_campfire, hangedman_decor_peaks_small,
          grunt_decor_mini_mirrors
D:5:      layout_cave_pods, temple_green, minmay_misc_feat_roman

Skill      XL: |  1  2  3  4  5  6  7 |
---------------+----------------------+-----
Spellcasting   | 5 6 7 8 |  8.8
Fighting       | 1 2 |  2.1
Armour         | 1 |  1.6
Conjurations   | 2 3 4 |  4.4
Dodging        | 3 |  3.0
Stealth        | 3 |  3.1
Air Magic      | 1 |  1.1
Poison Magic   | 1 |  1.1
Summonings     | |  1.1
Translocations | |  1.1

Action                     |  1- 3 |  4- 6 |  7- 9 || total
---------------------------+-------+-------+-------++-------
  Melee: Dagger            |    11 |    18 |       ||    29
         Flail             |       |    32 |    18 ||    50
         Punch             |       |     1 |     1 ||     2
   Cast: Magic Dart        |    89 |    83 |    11 ||   183
         Mephitic Cloud    |       |    12 |     2 ||    14
         Call Imp          |       |     2 |     1 ||     3
   Stab: Confused          |       |     2 |     1 ||     3
 Armour: Robe              |     6 |    21 |    15 ||    42
  Dodge: Dodged            |    23 |    30 |    18 ||    71

Table legend: (Time is in decaauts)
 A = Elapsed time spent in this place.
 B = Non-inter-level travel time spent in this place.
 C = Inter-level travel time spent in this place.
 D = Time resting spent in this place.
 E = Time spent auto-exploring this place.
 F = Levels seen in this place.
 G = Mean time per level.
                   A        B        C        D        E       F      G
               +--------+--------+--------+--------+--------+-----+--------+
         Total |   5171 |   4812 |    359 |      0 |   4236 |   5 | 1034.2 |
       Dungeon |   5171 |   4812 |    359 |      0 |   4236 |   5 | 1034.2 |
               +--------+--------+--------+--------+--------+-----+--------+

Top non-repeatable levels by time:
     D:3: 1584 daAuts
     D:1: 1115 daAuts
     D:4: 1080 daAuts
     D:2: 1043 daAuts
     D:5: 349 daAuts
